 Dungeon Crawl Stone Soup version 0.24.0-28-g17ded55e90 (webtiles) character file.

Game seed: 3401290443769927793, levelgen mode: deterministic

21 Matador8 the Grasshopper (level 2, 2/22 HPs)
             Began as a Demonspawn Warper on Nov 12, 2019.
             Quit the game on level 1 of the Dungeon.
             The game lasted 00:02:09 (289 turns).

Matador8 the Grasshopper (Demonspawn Warper)         Turns: 289, Time: 00:02:09

Health: 2/22       AC:  3    Str: 11    XL:     2   Next: 62%
Magic:  5/5        EV: 11    Int: 14    God:
Gold:   9          SH:  0    Dex: 12    Spells: 5/5 levels left

rFire    . . .     SeeInvis .   a - +0 mace
rCold    . . .     Gourm    .   (no shield)
rNeg     . . .     Faith    .   b - +0 leather armour
rPois    .         Spirit   .   (no helmet)
rElec    .         Reflect  .   (no cloak)
rCorr    .         Harm     .   (no gloves)
MR       .....                  (no boots)
Stlth    +.........             (no amulet)
HPRegen  0.07/turn              (no ring)
MPRegen  0.09/turn              (no ring)

@: no status effects
A: talons 1
a: no special abilities


You were on level 1 of the Dungeon.
You were not hungry.

You visited 1 branch of the dungeon, and saw 1 of its levels.

You collected 9 gold pieces.

Inventory:

Hand Weapons
 a - a +0 mace (weapon)
Missiles
 e - 3 boomerangs of dispersal (quivered)
Armour
 b - a +0 leather armour (worn)
Jewellery
 h - an uncursed amulet of regeneration {unknown}
Scrolls
 c - a scroll of fog {unknown}
 d - a scroll of blinking
Potions
 g - a potion of degeneration {unknown}
 j - a potion of cancellation {unknown}
Comestibles
 f - a ration
 i - 6 chunks of flesh


   Skills:
 - Level 2.0 Fighting
 * Level 2.6 Maces & Flails
 - Level 0.8 Throwing
 - Level 0.8 Armour
 - Level 1.7 Dodging
 + Level 2.3 Spellcasting
   Level 2.6 Translocations


You had 5 spell levels left.
You didn't know any spells.
Your spell library contained the following spells:

 Spells                   Type           Power        Failure   Level  Hunger
 Blink                    Tloc           N/A          16%         2    ###....
 Shroud of Golubria       Chrm/Tloc      #.....       26%         2    ###....
 Gell's Gravitas          Tloc           #.........   30%         3    ###....
 Lesser Beckoning         Tloc           #.........   30%         3    ###....
 Teleport Other           Tloc           #.......     30%         3    ###....
 Passage of Golubria      Tloc           N/A          69%         4    #####..


Dungeon Overview and Level Annotations

Branches:
Dungeon (1/15)

Altars:


Innate Abilities, Weirdness & Mutations

You have sharp toenails.


Message History

The hobgoblin shouts!
Items here: % ÷÷ † a rat corpse; a chunk of flesh; a jackal skeleton; a rat skeleton
i - 6 chunks of flesh (gained 1)
You see here a jackal skeleton.
There isn't anything to butcher here.
Things that are here:
a +0 dagger; a kobold corpse
Found a plate armour.
A kobold comes into view.
It is wielding a +0 short sword of venom.
The kobold shouts!
You hear a shout! x2
A hobgoblin comes into view.
The hobgoblin shouts!
A goblin comes into view.
Found 12 gold pieces.
A goblin comes into view. It is wielding a +0 dagger.
The hobgoblin hits you with a +0 club.
* * * LOW HITPOINT WARNING * * *
Found a mace.
Are you sure you want to abandon this character and quit the game? (Confirm with "yes".)

............g...
#####.............)..#
.....................+
..........##.........##
........†÷##.......... ..
........÷.##......$.# ...
..........##........#.......
..........##........#.......
..........# #.@...........
.........(# ###g.......#..
..........#####.............
.................g###......#
#######...........K.........
#..........###g..###. ####
#....).....# #...#
#...##....).....###...###$
##...#....÷.........K......#


You could see 2 hobgoblins and a kobold.

Vanquished Creatures
  A dart slug (D:1)
  2 giant cockroaches (D:1)
  A hobgoblin (D:1)
  4 jackals (D:1)
  3 frilled lizards (D:1)
  A kobold (D:1)
  8 rats (D:1)
20 creatures vanquished.

Notes
Turn   | Place    | Note
-------+----------+-------------------------------------------
     0 | D:1      | Matador8 the Demonspawn Warper began the quest for the Orb.
     0 | D:1      | Reached XP level 1. HP: 16/16 MP: 3/3
   123 | D:1      | Gained mutation: You have sharp toenails. [demonic
                  | ancestry]
   123 | D:1      | Reached XP level 2. HP: 18/22 MP: 5/5
   289 | D:1      | Quit the game

Levels and vault maps discovered:
D:1:      onia_arrival_larder, layout_basic, minmay_misc_feat_cross,
          serial_bayou_lake_a

Skill      XL: |  1 |
---------------+----+-----
Maces & Flails | 2 |  2.6
Fighting       | |  2.0
Throwing       | |  0.8
Armour         | |  0.8
Dodging        | |  1.7
Spellcasting   | |  2.3
Translocations | |  2.6

Action                   || total
-------------------------++-------
Melee: Mace              ||    52
       Kick              ||     1
Throw: Boomerang         ||     2
 Stab: Sleeping          ||     1
Armor: Leather armour    ||    21
Dodge: Dodged            ||    39
